 Dungeon Crawl Stone Soup version 0.13-a0-2496-g11650dd (webtiles) character file.

554 Rycklaryybbe the Covert (level 6, -5/35 HPs)
             Began as a Kobold Assassin on July 22, 2013.
             Slain by an ice beast (9 damage)
             ... on Level 5 of the Dungeon.
             The game lasted 00:09:36 (3054 turns).

Rycklaryybbe the Covert (Kobold Assassin)           Turns: 3054, Time: 00:09:36

HP  -5/35        AC  7     Str 16      XL: 6   Next: 63%
MP   5/5         EV 11     Int  9      God:
Gold 256         SH 16     Dex 19      Spells:  0 memorised,  5 levels left

Res.Fire  : . . .   See Invis. : .   a - +2,+3 dagger {=f}
Res.Cold  : . . .   Warding    : .   c - +0 robe
Life Prot.: . . .   Conserve   : .   i - +0 shield
Res.Poison: .       Res.Corr.  : .   z - +0 dwarf helmet
Res.Elec. : .       Clarity    : .   d - +0 cloak
Sust.Abil.: . .     Spirit.Shd : .   q - +1 pair of gauntlets
Res.Mut.  : .       Stasis     : .   t - +0 pair of boots
Res.Rott. : .       Flight     : .   (no amulet)
Saprovore : + + .                    (no ring)
                                     y - +6 ring of strength

@: slightly resistant to hostile enchantments, extremely stealthy
A: disease resistance, carnivore 3, saprovore 2
a: no special abilities


You were on level 5 of the Dungeon.
You were very full.

You visited 1 branch of the dungeon, and saw 5 of its levels.

You collected 206 gold pieces.

Inventory:

Hand weapons
 a - a +2,+3 dagger (weapon) {=f}
 b - a +0 blowgun
 h - a +0,+0 spear (quivered)
 m - a cursed -2,-2 sling
 s - a +0,+0 sabre
Missiles
 e - 43 poisoned needles
 f - 2 curare-tipped needles
Armour
 c - a +0 robe (worn)
 d - a +0 cloak (worn)
 i - a +0 shield (worn)
 q - a +1 pair of gauntlets (worn)
 t - a +0 pair of boots (worn)
 z - a +0 dwarven helmet (worn)
 A - a +0 pair of gloves
Comestibles
 g - a meat ration
Scrolls
 k - 3 scrolls of identify
 l - a scroll of blinking
 n - a scroll of noise {unknown}
 p - 2 scrolls of magic mapping {unknown}
 u - a scroll of teleportation {unknown}
 v - a scroll of recharging {unknown}
 w - 2 scrolls of remove curse {unknown}
Jewellery
 y - a +6 ring of strength (left hand)
Potions
 j - 3 potions of curing {unknown}
 o - a potion of berserk rage {unknown}
 r - a potion of restore abilities {unknown}
 x - 2 potions of agility {unknown}
Books
 B - a book of Control

   Spells                             Type                      Level
   Control Teleport                   Charms/Translocation         4
   Control Undead                     Necromancy                   4
   Enslavement                        Hexes                        4
   Mass Confusion                     Hexes                        6
   Metabolic Englaciation             Hexes/Ice                    6


   Skills:
 + Level 2.1 Fighting
 + Level 3.6 Short Blades
 - Level 2.6 Throwing
 - Level 1.2 Dodging
 - Level 10.0 Stealth


You had 5 spell levels left.
You didn't know any spells.

Dungeon Overview and Level Annotations

Branches:
Dungeon (5/27)
 Temple: D:4-7

Altars:

Annotations
D:3 Terence


Innate Abilities, Weirdness & Mutations

You recuperate from illness quickly.
You are small and have problems with some larger weapons.
You are carnivorous and can eat meat at any time.
You can eat rotten meat.


Message History

You closely miss the ice beast.
The ice beast hits you but does no damage.
You completely miss the ice beast. The ice beast hits you.
The ice beast freezes you!
You hit the ice beast but do no damage. The ice beast closely misses you.
You closely miss the ice beast. The ice beast barely misses you.
You hit the ice beast.
The ice beast is lightly wounded.
The ice beast hits you but does no damage.
You hit the ice beast but do no damage.
The ice beast is lightly wounded.
The ice beast hits you. The ice beast freezes you!
* * * LOW HITPOINT WARNING * * *
Things that are here:
a short sword; a worker ant corpse
Found a dwarven buckler.
The ice beast hits you.
* * * LOW HITPOINT WARNING * * *
The ice beast freezes you!
You die...

#.##..........#
#.##.#.########
#.##.#.#
#.##.#.#
#.##.#.#
#<##.#.#
#.##.#.#
#.##I#.######.
#..@...........
######.######.
#.# #.# #.# #.#
#.# #.# .


You could see an ice beast.

Vanquished Creatures
  An ogre (D:4)
  A hound (D:4)
  A scorpion (D:4)
  A worker ant (D:5)
  6 adders
  5 worms
  An orc (D:3)
  5 bats
  A giant cockroach (D:3)
  8 hobgoblins
  5 jackals
  5 kobolds
  A quokka (D:4)
  4 giant geckos (D:3)
  5 giant newts
  4 goblins
  A hobgoblin skeleton (D:5)
  3 rats
58 creatures vanquished.

Notes
Turn   | Place    | Note
--------------------------------------------------------------
     0 | D:1      | Rycklaryybbe, the Kobold Assassin, began the quest for the Orb.
     0 | D:1      | Reached XP level 1. HP: 12/12 MP: 0/0
    72 | D:1      | Reached XP level 2. HP: 12/16 MP: 1/1
   116 | D:1      | Reached skill level 6 in Stealth
   663 | D:1      | Reached XP level 3. HP: 18/20 MP: 2/2
   717 | D:2      | Reached skill level 7 in Stealth
  1095 | D:2      | Reached XP level 4. HP: 10/26 MP: 3/3
  1408 | D:3      | Noticed Terence
  2170 | D:3      | Reached skill level 8 in Stealth
  2257 | D:4      | Reached XP level 5. HP: 30/30 MP: 4/4
  2470 | D:4      | Noticed an ogre
  2699 | D:4      | Killed an ogre
  2699 | D:4      | Reached skill level 9 in Stealth
  2699 | D:4      | Reached XP level 6. HP: 35/35 MP: 5/5
  2980 | D:5      | Entered Level 5 of the Dungeon
  3018 | D:5      | Reached skill level 10 in Stealth
  3024 | D:5      | Noticed an ice beast
  3054 | D:5      | Slain by an ice beast

Action                   |  1- 3 |  4- 6 || total
-------------------------+-------+-------++-------
Melee: Dagger            |    58 |   119 ||   177
       Sabre             |    26 |    11 ||    37
 Fire: Blowgun           |       |    14 ||    14
  Use: Scroll            |       |     4 ||     4
 Stab: Sleeping          |     5 |     9 ||    14
       Distracted        |     1 |     1 ||     2
